AoeStats
← Manthasx22

Arena

509128828Analyzed
1v1 RM · 7d ago on Sep 25, 2026· 84m 28s· 2 players
Game mode
Random Map
Map size
Tiny (2 player)
Population
200
Speed
Normal
Resources
Standard
Victory
Conquest
Starting age
Dark Age
Ending age
Imperial Age
RankedLock teamsTeams togetherTeam positionsShared explorationLock speedFull tech treeHidden civsTurbo modeCheats
Victory
Defeat
🇨🇴 Persians · Colombia
966
+15
🇦🇷 Khmer · Argentina
954
-15
gabymarco09
9:56 Feudal Age
12:16 Loom
14:49 Castle Age
13:31 Double-Bit Axe
17:08 Wheelbarrow
17:42 Bow Saw
18:30 Horse Collar
22:54 Heavy Plow
29:20 Fletching
29:30 Padded Archer Armor
30:14 Crossbowman
31:27 Bodkin Arrow
31:48 Leather Archer Armor
31:28 Gold Mining
31:29 Stone Mining
31:58 Hand Cart
31:29 Town Watch
32:20 Tusk Swords
34:41 Scale Barding Armor
35:28 Ballistics
36:21 Chain Barding Armor
36:11 Forging
36:01 Scale Mail Armor
36:42 Gold Shaft Mining
36:17 Pikeman
41:06 Imperial Age
38:37 Town Patrol
40:05 Iron Casting
39:45 Chain Mail Armor
41:42 Halberdier
44:16 Chemistry
42:40 Arbalester
44:36 Blast Furnace
50:41 Bracer
51:12 Ring Archer Armor
51:21 Plate Barding Armor
51:51 Bloodlines
51:42 Husbandry
51:02 Light Cavalry
53:17 Hussar
53:52 Capped Ram
55:00 Siege Ram
56:07 Town Patrol
78:15 Elite Skirmisher
Manthasx22
10:03 Feudal Age
11:08 Loom
15:04 Castle Age
13:33 Double-Bit Axe
18:36 Pikeman
18:46 Man-at-Arms
21:12 Wheelbarrow
20:26 Long Swordsman
24:18 Horse Collar
31:46 Imperial Age
30:05 Bow Saw
30:13 Husbandry
31:14 Bloodlines
31:22 Heavy Plow
31:41 Hand Cart
31:52 Scale Barding Armor
31:58 Forging
31:32 Pikeman
32:05 Cavalier
34:11 Squires
36:23 Chain Barding Armor
36:39 Iron Casting
37:58 Halberdier
39:01 Kamandaran
40:23 Blast Furnace
39:25 Scale Mail Armor
39:26 Crossbowman
40:12 Thumb Ring
40:00 Gambesons
41:19 Light Cavalry
43:31 Heavy Scorpion
50:18 Fletching
50:28 Padded Archer Armor
50:54 Hussar
51:55 Town Watch
52:26 Bodkin Arrow
52:47 Leather Archer Armor
54:32 Ring Archer Armor
56:54 Ballistics
59:29 Chemistry
62:12 Chain Mail Armor
64:17 Elite War Elephant
77:37 Murder Holes
Connection lost

Rejoining the realm…

Still unreachable

The connection could not be restored.

Session expired

The server has moved on; the page needs a fresh start.